 Dungeon Crawl Stone Soup version 0.31-a0-219-g8d62b2e7bb (webtiles) character file.

Game seed: 8682663694818960113

253 qw the Shooter (level 6, 0/37 HPs)
             Began as a Gargoyle Hexslinger on July 3, 2023.
             Slain by an orc wizard
             ... wielding a +0 dagger
              (2 damage)
             ... on level 4 of the Dungeon.
             The game lasted 00:01:06 (2611 turns).

qw the Shooter (Gargoyle Hexslinger)                Turns: 2611, Time: 00:01:07

Health: 0/37       AC: 10    Str: 11    XL:     6   Next: 14%
Magic:  7/7        EV: 10    Int: 14    God:
Gold:   231        SH:  0    Dex: 14    Spells: 6/7 levels left

rFire   . . .        Y - +2 sling
rCold   . . .        (no shield)
rNeg    + . .        g - +0 ring mail
rPois   inf          (no helmet)
rElec   +            (no cloak)
rCorr   .            (no gloves)
SInv    .            b - +0 pair of boots
Will    .....        (no amulet) Stlth
                     (no ring)
HPRegen 0.26/turn    (no ring)
MPRegen 0.10/turn

%: no passive effects
@: confused
A: sickness immunity, AC +4, negative energy resistance 1, electricity
resistance, torment resistance 1, petrification resistance
a: no special abilities


You were on level 4 of the Dungeon.
You visited 1 branch of the dungeon, and saw 4 of its levels.

You collected 231 gold pieces.


Innate Abilities, Weirdness & Mutations

You are immune to sickness and miasma.
Your stone body is resilient. (AC +4)
You are immune to poison.
You resist negative energy. (rN+)
You are resistant to electric shocks. (rElec)
You are resistant to unholy torment.
You are immune to petrification.


   Skills:
 - Level 3.3 Fighting
 + Level 5.3 Ranged Weapons
 - Level 1.0 Armour
 - Level 1.5 Dodging
 - Level 1.0 Spellcasting
 - Level 2.6 Hexes


You had 6 spell levels left.
You knew the following spells:

 Your Spells              Type           Power      Damage    Failure   Level
a - Slow                  Hex            32%        N/A       21%         1

Your spell library contained the following spells:

 Spells                   Type           Power      Damage    Failure   Level
 Inner Flame              Hex/Fire       4%         N/A       71%         3
 Portal Projectile        Hex/Tloc       8%         N/A       71%         3
 Cause Fear               Hex            4%         N/A       90%         4

Inventory:

Hand Weapons
 Y - a +2 sling (weapon)
Armour
 b - a +0 pair of boots (worn)
 g - a +0 ring mail (worn)
Jewellery
 e - a +5 ring of evasion
Scrolls
 d - 2 scrolls of identify
Potions
 a - a potion of attraction {unknown}
 c - a potion of invisibility {unknown}
 f - 2 potions of curing {unknown}

Dungeon Overview and Level Annotations

Branches:
Dungeon (4/15)
 Temple: D:4-7

Altars:

Annotations:
D:4 3 runed translucent doors, qw's ghost, amateur GrFi; qw's ghost, amateur GrHs


Message History

The sling bullet closely misses the orc.
Something hits you but does no damage. The orc hits you but does no damage. x3
The orc hits you with a +0 falchion. Something hits you but does no damage.
You shoot a sling bullet. The sling bullet hits the orc.
You kill the orc!
Something hits you. The orc hits you but does no damage.
You shoot a sling bullet. The sling bullet hits the orc.
The orc is moderately wounded.
Something hits you. The orc hits you but does no damage.
You shoot a sling bullet. The sling bullet hits the orc.
The orc is heavily wounded.
Something hits you but does no damage. The orc hits you with a +0 falchion.
You shoot a sling bullet.
The sling bullet completely misses the orc.
Something hits you but does no damage. The orc barely misses you.
The orc hits you but does no damage. Something hits you but does no damage.
You shoot a sling bullet.
The sling bullet hits the orc but does no damage.
The orc is heavily wounded.
The orc closely misses you. Something hits you.
You shoot a sling bullet.
The sling bullet hits the orc but does no damage.
The orc is heavily wounded.
Something hits you but does no damage. The orc hits you with a +0 falchion.
You shoot a sling bullet. The sling bullet hits the orc!
You kill the orc!
Something hits you.
You shoot a sling bullet.
You hear some strange, mumbled words.
You are confused.
Something hits you.
You shoot a sling bullet. Something hits you.
You shoot a sling bullet. Something hits you but does no damage.
You shoot a sling bullet. Something hits you but does no damage.
You shoot a sling bullet. Something hits you.
You die...

## o# . o.### ..
...###... ........
#....# ?# ##{..#
#.$.#. ##@)# .}.#.
##.)## ~ ..#.
##..##
~~###~.##..##
~~~~~~~~~..#..##
~~~~~~~~....##
##~~~~###~...#
..#~~#...#..#######
}.#..#.}.#...#....#


There were no monsters in sight!

Vanquished Creatures
  A scorpion (D:4)
  A jelly (D:4)
  Terence (D:2)
  An orc wizard (D:4)
  2 adders
  A shadow imp (D:4)
  2 worms
  4 dart slugs
  9 orcs
  A bat (D:2)
  8 endoplasms
  2 giant cockroaches
  4 goblins (D:1)
  6 hobgoblins
  7 jackals
  3 kobolds
  3 quokkas
  3 ball pythons
  2 frilled lizards (D:1)
  4 rats
65 creatures vanquished.

Notes
Turn   | Place    | Note
-------+----------+-------------------------------------------
     0 | D:1      | qw the Gargoyle Hexslinger began the quest for the Orb.
     0 | D:1      | Reached XP level 1. HP: 12/12 MP: 2/2
     0 | D:1      | 0 ||| qw: Version: 0.3-a-40-ge99b1a8
     0 | D:1      | 0 ||| qw: Game counter: 390
     0 | D:1      | 0 ||| qw: Melee chars always use a shield: true
     0 | D:1      | 0 ||| qw: God list: Okawaru
     0 | D:1      | 0 ||| qw: Allow faded altars: false
     0 | D:1      | 0 ||| qw: Do Orc after clearing Dungeon:15 true
     0 | D:1      | 0 ||| qw: Do second Lair branch before Depths: true
     0 | D:1      | 0 ||| qw: Lair rune preference: random
     0 | D:1      | 0 ||| qw: Goals: Normal
     0 | D:1      | 0 ||| PLANNING D:1-11
    56 | D:1      | Reached XP level 2. HP: 16/16 MP: 3/3
   133 | D:1      | Reached skill level 3 in Ranged Weapons
   319 | D:1      | Reached XP level 3. HP: 21/21 MP: 4/4
   531 | D:1      | 531 ||| UPGRADING to +0 leather armour.
   541 | D:1      | 541 ||| DROPPING +0 robe.
   542 | D:1      | 542 ||| UPGRADING to +0 ring mail.
   552 | D:1      | 552 ||| DROPPING +0 leather armour.
   553 | D:1      | 553 ||| READING scroll labelled XUNE GIJESOKUO.
   554 | D:1      | 554 ||| READING scroll labelled ADUAJE PECSEWO.
   555 | D:1      | 555 ||| READING scroll labelled VYPECOAQEM.
   556 | D:1      | 556 ||| READING scroll labelled DAIMU BAZUPLOC.
   557 | D:1      | 557 ||| DROPPING scroll of poison.
   603 | D:2      | Found a faded altar of an unknown god.
   619 | D:2      | Noticed Terence
   635 | D:2      | HP: 5/21 [Terence/+0 hand axe (2)]
   636 | D:2      | Killed Terence
   637 | D:2      | Reached XP level 4. HP: 6/26 MP: 5/5
   735 | D:2      | Reached skill level 4 in Ranged Weapons
   804 | D:2      | Reached skill level 1 in Armour
  1135 | D:2      | 1135 ||| READING scroll labelled DUDGHO VATAKAO.
  1136 | D:2      | 1136 ||| READING scroll labelled HOXEOBEATO.
  2002 | D:3      | 2002 ||| UPGRADING to +0 pair of boots.
  2007 | D:3      | 2007 ||| READING scroll labelled DAMEMY CAQEITI.
  2010 | D:3      | 2010 ||| DRINKING 2 fuming puce potions.
  2011 | D:3      | 2011 ||| DROPPING potion of magic.
  2037 | D:4      | Reached XP level 5. HP: 30/30 MP: 6/6
  2144 | D:4      | Reached skill level 5 in Ranged Weapons
  2193 | D:4      | Found a runed translucent gate.
  2193 | D:4      | Found a runed translucent gate.
  2194 | D:4      | Found a runed translucent gate.
  2201 | D:4      | Noticed qw's ghost (amateur GrFi)
  2201 | D:4      | Noticed qw's ghost (amateur GrHs)
  2577 | D:4      | 2577 ||| Stepping ~*~*~tactically~*~*~ (outnumbered).
  2587 | D:4      | Reached skill level 3 in Fighting
  2587 | D:4      | Reached XP level 6. HP: 31/37 MP: 7/7
  2602 | D:4      | HP: 8/37 [orc/+0 falchion (4)]
  2607 | D:4      | HP: 2/37 [something (2)]
  2611 | D:4      | Slain by an orc wizard

Levels and vault maps discovered:
D:1:      saegor_arrival_miasma, layout_basic, chequers_decorated_corner,
          minmay_strange_pillars, roderic_roman_lattice
D:2:      layout_loops_cross, basic_ecumenical_altar, uniq_terence
D:3:      layout_basic
D:4:      layout_layer_cave, gammafunk_ghost_cemetery, fountainhead,
          amcnicky_mini_pool_small

Skill      XL: |  1  2  3  4  5 |
---------------+----------------+-----
Ranged Weapons | 3 4 5 |  5.3
Fighting       | 2 3 |  3.3
Armour         | 1 |  1.0
Dodging        | |  1.5
Spellcasting   | |  1.0
Hexes          | |  2.6

Action                     |  1- 3 |  4- 6 || total
---------------------------+-------+-------++-------
   Fire: Sling             |   115 |   178 ||   293
    Use: Scroll            |     4 |     3 ||     7
         Potion            |       |     1 ||     1
 Armour: Robe              |     9 |       ||     9
         Ring mail         |     6 |    76 ||    82
  Dodge: Dodged            |    35 |    79 ||   114

Table legend:
 A = Non-vault XP
 B = Vault XP
 C = Vault XP percentage of total XP
 D = Non-vault monster count
 E = Vault monster count
 F = Vault count percentage of total count
                 A         B        C        D         E       F
            +---------+---------+-------+---------+---------+-------
      Total |     326 |      36 |   9.9 |      64 |       1 |   1.5
            +---------+---------+-------+---------+---------+-------
        D:1 |      55 |       0 |   0.0 |      28 |       0 |   0.0
        D:2 |      37 |      36 |  49.3 |      11 |       1 |   8.3
        D:3 |      28 |       0 |   0.0 |      10 |       0 |   0.0
        D:4 |     206 |       0 |   0.0 |      15 |       0 |   0.0
            +---------+---------+-------+---------+---------+-------
